 Dungeon Crawl Stone Soup version 0.24.0-13-gcf9b3192b9 (webtiles) character file.

Game seed: 1320334947141529312, levelgen mode: deterministic

606 Delamore the Cleaver (level 7, 0/57 HPs)
             Began as a Hill Orc Monk on Nov 7, 2019.
             Splashed by a jelly's acid (5 damage)
             ... on level 7 of the Dungeon.
             The game lasted 00:06:33 (3153 turns).

Delamore the Cleaver (Hill Orc Monk)                Turns: 3153, Time: 00:06:34

Health: 0/57       AC:  6    Str: 16    XL:     7   Next: 42%
Magic:  9/25       EV: 10    Int: 10    God:
Gold:   179        SH:  8    Dex: 13    Spells: 6/6 levels left

rFire    + . .     SeeInvis .   a - +0 hand axe
rCold    . . .     Gourm    .   d - +0 shield
rNeg     . . .     Faith    .   f - +2 leather armour {rF+}
rPois    .         Spirit   .   j - +0 helmet
rElec    .         Reflect  .   (no cloak)
rCorr    .         Harm     .   (no gloves)
MR       .....                  (no boots)
Stlth    ++........             (no amulet)
HPRegen  0.19/turn              x - ring of magical power
MPRegen  0.19/turn              w - ring of magical power

@: no status effects
A: no striking features
a: no special abilities


You were on level 7 of the Dungeon.
You were not hungry.

You visited 1 branch of the dungeon, and saw 5 of its levels.

You collected 179 gold pieces.

Inventory:

Hand Weapons
 a - a +0 hand axe (weapon)
 u - a +1 trident of protection
Missiles
 s - 26 poisoned darts (quivered)
Armour
 d - a +0 shield (worn)
 f - a +2 leather armour of fire resistance (worn)
 j - a +0 helmet (worn)
Jewellery
 w - a ring of magical power (right hand)
 x - a ring of magical power (left hand)
Scrolls
 e - a scroll of magic mapping
 h - a scroll of noise {unknown}
 i - a scroll of random uselessness {unknown}
 l - 2 scrolls of teleportation {unknown}
 m - a scroll of identify
 n - 2 scrolls of enchant weapon {unknown}
 p - a scroll of remove curse {unknown}
 q - a scroll of enchant armour {unknown}
 t - a scroll of fog {unknown}
Potions
 g - a potion of haste
 k - a potion of heal wounds
 r - a potion of curing
Comestibles
 b - 4 chunks of flesh
 c - 7 rations


   Skills:
 - Level 3.6 Fighting
 + Level 9.2 Axes
 + Level 0.1 Throwing
 + Level 3.4 Armour
 - Level 2.4 Dodging
 - Level 1.5 Stealth
 + Level 2.8 Shields


You had 6 spell levels left.
You didn't know any spells.
Your spell library contained the following spells:

 Spells                   Type           Power        Failure   Level  Hunger
 Animate Skeleton         Necr           N/A          92%         1    ##.....
 Apportation              Tloc           #.....       92%         1    ##.....
 Confusing Touch          Hex            #.....       92%         1    ##.....
 Summon Small Mammal      Summ           #...         92%         1    ##.....


Dungeon Overview and Level Annotations

Branches:
Dungeon (7/15)             Temple (0/1) D:4

Altars:
Qazlal


Message History

You feel aware of your surroundings.
You sensed 2 altars.
It was a scroll of magic mapping.
You are feeling hungry.
Eating one of 5 chunks of flesh.
You eat one of the 5 chunks of flesh.
This raw flesh tastes terrible.
A jelly comes into view.
You are too injured to fight recklessly!
You are too injured to fight recklessly!
The jelly quivers.
You block the jelly's attack.
You hit the jelly.
Your hands burn!
* * * LOW HITPOINT WARNING * * *
The jelly is moderately wounded.
The jelly closely misses you.
You hit the jelly.
Your hands burn!
* * * LOW HITPOINT WARNING * * *
The jelly is severely wounded.
The jelly hits you but does no damage.
You hit the jelly.
Your hands burn!
You die...

,,,,....# **,,,*** *,,,,*
****#...# *,,,,** **,,,* * #...#
*,,,,,* **,,,* * #[..##
*,***,***,,,,, * #....###### **,*
*,**,,**,* * #........!#
*,,***,*,,***,* ** #..)#.....#
*,**,,,,,** *,* ,**
#...#...(.#####.#..#<,,****,* ,,*
##..#.......@J.....#**,,,**,* ,,*
#..#....####...##..,,**,,,,, ,,**
#.......# *.###****,,**,,,,
,,,**#.##....# *.# **,,,,,,,
,*,,*#.##.#..#***.#**********,,,,
,,,,,.........,,,..,,,,,,,,,,,,,,
,**,**..##.##.#,,..,**********,,,
,,,,,,..,..,,..,,..,* *,,,
***,,,,,,,,,,,,,,,,,* *,,,


You could see a jelly.

Vanquished Creatures
  Sigmund (D:3)
  An ogre (D:4)
  A centaur (D:7)
  A bullfrog (D:7)
  A scorpion (D:4)
  2 orc wizards (D:3)
  3 adders
  An ooze (D:2)
  2 worms (D:3)
  2 leopard geckos (D:3)
  10 orcs
  A ball python (D:2)
  5 bats
  5 giant cockroaches
  5 goblins
  9 hobgoblins
  A quokka (D:3)
  3 frilled lizards (D:3)
  8 kobolds
  8 rats
70 creatures vanquished.

Notes
Turn   | Place    | Note
-------+----------+-------------------------------------------
     0 | D:1      | Delamore the Hill Orc Monk began the quest for the Orb.
     0 | D:1      | Reached XP level 1. HP: 19/19 MP: 1/1
   324 | D:1      | Reached XP level 2. HP: 26/26 MP: 2/2
   377 | D:1      | Reached skill level 5 in Axes
   860 | D:2      | Reached XP level 3. HP: 31/31 MP: 3/3
  1068 | D:2      | Reached skill level 1 in Armour
  1589 | D:2      | Reached skill level 6 in Axes
  1589 | D:2      | Reached XP level 4. HP: 30/39 MP: 4/4
  1957 | D:3      | Reached skill level 1 in Shields
  1973 | D:3      | Reached XP level 5. HP: 23/45 MP: 5/5
  1994 | D:3      | Found a stormy altar of Qazlal.
  2147 | D:3      | Noticed Sigmund
  2175 | D:3      | Killed Sigmund
  2175 | D:3      | Reached skill level 7 in Axes
  2175 | D:3      | Reached XP level 6. HP: 31/51 MP: 6/6
  2258 | D:3      | Found a faded altar of an unknown god.
  2699 | D:3      | Reached skill level 8 in Axes
  2925 | D:4      | Reached XP level 7. HP: 25/57 MP: 7/7
  2945 | D:4      | Found a staircase to the Ecumenical Temple.
  3109 | D:4      | You fall into a shaft and drop 3 floors!
  3133 | D:7      | Reached skill level 9 in Axes
  3153 | D:7      | Splashed by a jelly's acid

Levels and vault maps discovered:
D:1:      dpeg_arrival_morbid_curiosity, layout_basic, st_stairs_10
D:2:      layout_basic, serial_park_tiny_1
D:3:      layout_basic, nicolae_qazlal_general_emergency, first_ration,
          chequers_ecumenical_altar_island, uniq_sigmund
D:4:      layout_gridville, minmay_temple_entry_waves, enter_ossuary_3
D:7:      layout_rooms, nicolae_overflow_hidden_temple, the_bakery, uniq_harold

Skill      XL: |  1  2  3  4  5  6  7 |
---------------+----------------------+-----
Axes           | 5 6 7 8 9 |  9.2
Armour         | 1 2 3 |  3.4
Shields        | 1 2 |  2.8
Fighting       | |  3.6
Throwing       | |  0.1
Dodging        | |  2.4
Stealth        | |  1.5

Action                   |  1- 3 |  4- 6 |  7- 9 || total
-------------------------+-------+-------+-------++-------
Melee: Hand axe          |   137 |   140 |    23 ||   300
Throw: Dart              |       |     2 |       ||     2
  Use: Potion            |       |     2 |       ||     2
       Scroll            |       |     1 |     2 ||     3
 Stab: Sleeping          |     2 |     1 |       ||     3
  Eat: Chunk             |     2 |     5 |     1 ||     8
Armor: Robe              |     2 |       |       ||     2
       Leather armour    |    52 |    34 |     5 ||    91
Dodge: Dodged            |    81 |    38 |     9 ||   128
Block: Shield            |    41 |    39 |    10 ||    90
